 Dungeon Crawl Stone Soup version 0.28.0-43-g3370ac3207 (webtiles) character file.

Game seed: 5633315919274841342

1671 Jerry the Cudgeller (level 8, 0/70 HPs)
             Began as a Troll Hunter on Mar 29, 2022.
             Was an Initiate of the Shining One.
             Slain by a death yak (10 damage)
             ... on level 7 of the Dungeon.
             The game lasted 00:19:30 (5716 turns).

Jerry the Cudgeller (Troll Hunter)                  Turns: 5716, Time: 00:19:31

Health: 0/70       AC:  7    Str: 21    XL:     8   Next: 70%
Magic:  7/7        EV: 11    Int: 13    God:    the Shining One [......]
Gold:   485        SH:  0    Dex: 12    Spells: 7/7 levels left

rFire   + + .      SeeInvis .   s - +0 whip (flame)
rCold   . . .      Faith    .   (no shield)
rNeg    . . .      Spirit   .   m - +2 robe of Gozag's Inspiration {rF+ Int+6}
rPois   .          Reflect  .   a - +1 hat
rElec   .          Harm     .   (no cloak)
rCorr   .          Rampage  .   (gloves unavailable)
Will    .....                   (boots unavailable)
Stlth   +.........              (no amulet)
HPRegen 1.01/turn               o - ring of protection from fire
MPRegen 0.10/turn               (no ring)

@: glowing
A: large, unfitting armour, claws 3, regeneration 1, shaggy fur 1, tough skin 1
a: Renounce Religion


You were on level 7 of the Dungeon.
You worshipped the Shining One.
The Shining One was noncommittal.
You visited 2 branches of the dungeon, and saw 9 of its levels.

You collected 485 gold pieces.

Inventory:

Hand Weapons
 s - a +0 whip of flaming (weapon)
 u - a +0 giant spiked club
Missiles
 c - 3 large rocks (quivered)
 d - 2 throwing nets
Armour
 a - a +1 hat (worn)
 m - the +2 robe of Gozag's Inspiration (worn) {rF+ Int+6}
   (You found it on level 2 of the Dungeon)

   Int:       It affects your intelligence (+6).
   rF:        It protects you from fire.
Jewellery
 o - a ring of protection from fire (left claw)
Scrolls
 i - 3 scrolls of teleportation
 k - a scroll of blinking
 n - 2 scrolls of identify
 p - a scroll of amnesia {unknown}
 r - a scroll of magic mapping
 t - a scroll of vulnerability {unknown}
Potions
 b - 3 potions of heal wounds {unknown}
 e - 4 potions of degeneration {unknown}
 f - 2 potions of curing {unknown}
 g - 2 potions of flight {unknown}
 h - a potion of might {unknown}
 j - 3 potions of mutation {unknown}
 l - a potion of experience {unknown}
 q - a potion of invisibility


   Skills:
 - Level 1.5 Fighting
 * Level 6.8 Maces & Flails
 + Level 6.3 Throwing
 + Level 5.0 Dodging
 - Level 0.3 Stealth


You had 7 spell levels left.
You didn't know any spells.
Your spell library contained the following spells:

 Spells                   Type           Power      Damage    Failure   Level
 Magic Dart               Conj           0%         1d3       30%         1
 Sandblast                Erth           0%         2d4       30%         1
 Passwall                 Tmut/Erth      0%         N/A       43%         2
 Searing Ray              Conj           0%         2d4       43%         2
 Portal Projectile        Hex/Tloc       0%         N/A       67%         3
 Stone Arrow              Conj/Erth      0%         3d7       67%         3
 Fulminant Prism          Conj/Hex       0%         3d6       97%         4
 Olgreb's Toxic Radiance  Pois           0%         N/A       97%         4
 Blade Hands              Tmut           0%         N/A       100%        5
 Excruciating Wounds      Necr           0%         N/A       100%        5
 Ozocubu's Refrigeration  Ice            0%         4d5       100%        7
 Ignition                 Fire           0%         3d3       100%        8


Dungeon Overview and Level Annotations

Branches:
Dungeon (8/15)             Temple (1/1) D:5
   Lair: D:8-11

Altars:
Ashenzari
Cheibriados
Dithmenos
Elyvilon
Fedhas
Gozag
Hepliaklqana
Makhleb
Nemelex Xobeh
Okawaru
Qazlal
Ru
Sif Muna
Trog
Uskayaw
Vehumet
Wu Jian
Xom
Yredelemnul
Zin
The Shining One

Shops:
D:3 (   D:7 (

Annotations:
D:5 Edmund


Innate Abilities, Weirdness & Mutations

You are too large for most types of armour.
You have claws for hands.
Your natural rate of healing is unusually fast.
You are covered in fur. (AC +1)
You have tough skin. (AC +1)


Message History

There is a stone staircase leading down here.
You hit the death yak but do no damage.
The death yak is heavily wounded.
The death yak gores you.
You hit the death yak. You burn the death yak.
The death yak is severely wounded.
You hit the death yak but do no damage.
The death yak is severely wounded.
The death yak gores you!
You hit the death yak but do no damage.
The death yak is severely wounded.
The death yak gores you!
You hit the death yak but do no damage.
The death yak is severely wounded.
The death yak gores you!
You hit the death yak but do no damage.
The death yak is severely wounded.
The death yak gores you but does no damage.
You hit the death yak but do no damage.
The death yak is severely wounded.
You hit the death yak but do no damage.
The death yak is severely wounded.
The death yak gores you.
You hit the death yak but do no damage.
The death yak is heavily wounded.
The death yak gores you!!
* * * LOW HITPOINT WARNING * * *
You hit the death yak but do no damage.
The death yak is heavily wounded.
The death yak barely misses you.
You hit the death yak. You burn the death yak. You claw the death yak!
The death yak is severely wounded.
You hit the death yak but do no damage.
The death yak is severely wounded.
The death yak gores you.
* * * LOW HITPOINT WARNING * * *
You hit the death yak but do no damage.
The death yak is severely wounded.
The death yak gores you!
You die...

.........#
##...########.#
.........####...#
#.#
................#
#####.#
.........####.###
#...#.# ####...###
#.# #..##.# #
###.# ##+####
#.....# ######.###
#.....# #.#####
.........###...Y.#
#.#
...###..........@#
#.# ...#
#....##########.#
...#
#....#..........#
...#
#....##.#########
...###.......#####
...##............#
..[##..........#.#
...##..♣♣♣♣♣♣♣...#
...###...........#


You could see a death yak.

Vanquished Creatures
  Prince Ribbit (D:6)
  A water moccasin (D:6)
  2 black bears
  A sky beast (D:6)
  4 ogres
  A phantom (D:4)
  A kobold brigand (D:3)
  A bullfrog (D:6)
  A scorpion (D:4)
  A water moccasin zombie (D:7)
  A bullfrog zombie (D:6)
  A hound (D:5)
  2 orc priests (D:5)
  3 iguanas
  4 orc wizards
  A killer bee zombie (D:7)
  A hound zombie (D:5)
  2 adders (D:5)
  An ufetubus (D:6)
  4 dart slugs
  11 orcs
  3 ball pythons
  4 endoplasms
  3 giant cockroaches
  8 goblins
  3 hobgoblins
  A jackal (D:1)
  5 quokkas
  3 bats (D:3)
  5 frilled lizards
  3 kobolds
  4 rats
87 creatures vanquished.

Vanquished Creatures (others)
  2 plants (D:5)
2 creatures vanquished.

Grand Total: 89 creatures vanquished

Notes
Turn   | Place    | Note
-------+----------+-------------------------------------------
     0 | D:1      | Jerry the Troll Hunter began the quest for the Orb.
     0 | D:1      | Reached XP level 1. HP: 19/19 MP: 0/0
   323 | D:1      | Reached XP level 2. HP: 26/27 MP: 1/1
   881 | D:2      | Identified the +2 robe of Gozag's Inspiration {rF+ Int+6}
  1257 | D:3      | Found Sacaoboy's Antique Weapon Shoppe.
  1395 | D:3      | Noticed a kobold brigand
  1397 | D:3      | Killed a kobold brigand
  1398 | D:3      | Reached skill level 1 in Maces & Flails
  1398 | D:3      | Reached XP level 3. HP: 33/33 MP: 2/2
  1398 | D:3      | Reached XP level 4. HP: 41/41 MP: 3/3
  1664 | D:3      | Found a faded altar of an unknown god.
  2270 | D:4      | Reached XP level 5. HP: 13/48 MP: 4/4
  2378 | D:4      | Found a blossoming altar of Fedhas.
  2378 | D:4      | Found an opulent altar of Gozag.
  2379 | D:4      | Noticed a phantom
  2766 | D:4      | Noticed a black bear
  2769 | D:4      | Killed a black bear
  2770 | D:4      | Reached XP level 6. HP: 55/55 MP: 5/5
  2929 | D:5      | Entered Level 5 of the Dungeon
  3067 | D:5      | Noticed Edmund
  3178 | D:4      | Reached skill level 5 in Throwing
  3343 | D:5      | Reached XP level 7. HP: 56/62 MP: 6/6
  3626 | D:5      | Found a staircase to the Ecumenical Temple.
  3887 | Temple   | Entered the Ecumenical Temple
  4030 | Temple   | Became a worshipper of the Shining One
  4318 | D:6      | Reached skill level 5 in Maces & Flails
  4511 | D:6      | Reached XP level 8. HP: 22/70 MP: 7/7
  4820 | D:6      | Noticed Prince Ribbit
  4848 | D:6      | Killed Prince Ribbit
  5285 | D:7      | Found a burning altar of Makhleb.
  5457 | D:7      | Reached skill level 5 in Dodging
  5464 | D:7      | Found Lixt's Antique Weapon Emporium.
  5697 | D:8      | Noticed a death yak
  5716 | D:7      | Slain by a death yak

Illustrated notes

Levels and vault maps discovered:
D:1:      amcnicky_arrival_gap_in_the_tavern_cellar, layout_basic,
          minmay_heptomino_h4
D:2:      layout_loops_ring, corexii_item_surrounded_by_moat
D:3:      layout_basic, serial_shops, nicolae_square_shop,
          chequers_ecumenical_altar_island, serial_park_tiny_1
D:4:      layout_basic, jmf_multi_god_temple
D:5:      layout_basic, temple_doors_e, guppyfry_early_lair_pool, uniq_edmund
D:6:      nicolae_cairo_tiling, layout_cave_pools, uniq_prince_ribbit1
D:7:      layout_basic, mainiacjoe_overflow_cross_hatched, serial_shops,
          nicolae_stop_n_shop_1
D:8:      layout_basic, dpeg_lair_monsters, minmay_misc_feat_tiny,
          nicolae_elemental_shop, uniq_maggie
Temple:   regret_index_temple_mists

Skill      XL: |  1  2  3  4  5  6  7  8 |
---------------+-------------------------+-----
Dodging        | 2 3 4 5 |  5.0
Throwing       | 4 5 6 |  6.3
Maces & Flails | 1 2 3 4 5 6 |  6.8
Fighting       | |  1.5
Stealth        | |  0.3

Action                   |  1- 3 |  4- 6 |  7- 9 || total
-------------------------+-------+-------+-------++-------
Melee: Short sword       |    74 |       |       ||    74
       Whip              |    11 |   182 |   236 ||   429
       Punch             |     1 |     2 |     5 ||     8
Throw: Large rock        |     1 |     6 |     6 ||    13
  Use: Scroll            |       |     8 |     1 ||     9
 Stab: Sleeping          |     1 |       |       ||     1
       Distracted        |       |       |     1 ||     1
Armor: Robe              |    27 |    92 |    77 ||   196
Dodge: Dodged            |    39 |    84 |    86 ||   209
